Map: Curious Minds LE

Players

Maru

  • Race: Terran Terran
  • League: Master

Bunny - Winner!

  • Race: Terran Terran

Event: TSL 8

VOD

Have the link to the VOD?

Description

Time

  • Played on: Dec. 3, 2021, 6:50 a.m.
  • Length: 13:21

All games in this series

Show
View Real Time Build Order
Export as new Build Order

Maru Terran 

Build Orders:  

Get SALT Encoding   

  12  0:00  SCV  
  13  0:12  SCV  
  14  0:16  Supply Depot  
  14  0:24  SCV  
  15  0:38  SCV  
  15  0:39  Barracks  
  16  0:43  Refinery  
  16  0:50  SCV  
  16  0:52  Refinery  
  17  1:02  SCV  
  18  1:14  SCV  
  19  1:26  Reaper, Orbital Command  
  19  1:28  Supply Depot  
  20  1:42  Factory  
  20  1:52  SCV  
  21  1:58  Barracks Reactor  
  21  2:04  SCV  
  22  2:17  SCV  
  23  2:26  Hellion  
  23  2:28  Command Center  
  25  2:33  SCV  
  25  2:36  Reaper  
  28  2:37  Reaper  
  27  2:45  SCV  
  27  2:48  Starport  
  28  2:54  Supply Depot  
  28  3:02  Hellion  
  28  3:05  SCV  
  31  3:16  Reaper x2  
  31  3:17  SCV  
  34  3:23  Hellion  
  34  3:25  Medivac  
  38  3:30  SCV  
  38  3:31  Refinery  
  39  3:43  SCV  
  39  3:45  Hellion  
  39  3:48  Reaper x2  
  44  3:52  Orbital Command  
  44  3:55  SCV  
  44  3:57  Starport Tech Lab  
  45  4:07  Supply Depot  
  45  4:09  Factory Tech Lab  
  45  4:12  SCV  
  45  4:15  Raven  
  48  4:17  SCV  
  48  4:24  Marine x2  
  50  4:27  Cyclone  
  50  4:29  SCV  
  50  4:31  SCV  
  53  4:41  SCV  
  53  4:43  SCV  
  46  4:52  Marine  
  44  4:53  SCV  
  44  4:55  SCV  
  49  5:00  Siege Tank  
  49  5:02  Command Center  
  49  5:05  SCV  
  49  5:06  Raven, Marine  
  53  5:09  SCV  
  53  5:12  Refinery  
  54  5:17  SCV  
  54  5:21  SCV  
  54  5:26  Supply Depot  
  54  5:29  Barracks  
  54  5:30  SCV  
  54  5:31  Barracks  
  54  5:32  Siege Tank  
  54  5:33  Marine  
  54  5:35  Marine  
  60  5:37  SCV  
  60  5:42  SCV  
  62  5:49  SCV, Raven  
  65  5:51  Marine  
  65  5:52  Marine  
  65  5:54  SCV  
  68  6:00  Engineering Bay x2  
  69  6:04  SCV  
  69  6:13  SCV  
  69  6:14  Siege Tank  
  69  6:15  Barracks Reactor  
  69  6:16  SCV  
  73  6:21  SCV  
  71  6:27  Marine  
  71  6:30  Marine  
  71  6:31  SCV  
  75  6:34  Raven  
  75  6:38  Supply Depot, Orbital Command  
  77  6:40  Terran Infantry Weapons Level 1, Terran Infantry Armor Level 1  
  77  6:41  Barracks Tech Lab  
  77  6:46  SCV  
  77  6:47  Marine  
  77  6:52  SCV  
  79  6:56  Siege Tank, Marine x2  
  79  6:58  SCV  
  78  7:03  SCV  
  78  7:04  SCV  
  78  7:05  Marine  
  74  7:10  SCV  
  74  7:14  Marine x2  
  77  7:15  Barracks  
  77  7:17  Raven  
  78  7:23  Marine  
  78  7:28  Siege Tank  
  82  7:30  Barracks  
  82  7:32  Marine x2  
  84  7:41  Supply Depot, Marine  
  85  7:50  Marine  
  85  7:52  Marine  
  85  7:58  Marine, Barracks  
  83  8:00  Siege Tank  
  84  8:06  Raven  
  84  8:08  Supply Depot  
  84  8:11  Marine x2  
  86  8:14  Marine  
  86  8:16  Marine  
  87  8:20  Stimpack, Barracks Tech Lab  
  88  8:27  SCV  
  88  8:29  Marine x2  
  88  8:32  SCV, Marine  
  87  8:34  Marine  
  87  8:41  SCV  
  74  8:43  Marine  
  74  8:45  Marine  
  74  8:47  Marine  
  63  8:53  SCV, Orbital Command  
  63  8:54  Combat Shield  
  55  8:57  Siege Tank, Marine x2  
  55  8:58  Marine  
  61  9:05  SCV, Marine x3, Starport Reactor  
  63  9:19  SCV  
  63  9:20  SCV  
  65  9:27  Barracks Reactor x2  
  65  9:32  SCV  
  65  9:33  SCV  
  65  9:36  Siege Tank  
  70  9:42  Marine x3  
  70  9:43  Marine  
  61  9:58  Medivac x2  
  62  10:00  Marine x2  
  62  10:01  SCV x2  
  62  10:03  Marine x2  
  62  10:04  Marine  
  62  10:05  Marine  
  68  10:12  Marauder  
  68  10:13  Marauder  
  68  10:16  SCV x2, Siege Tank  
  68  10:17  Marine  
  68  10:18  Marine  
  68  10:21  Marine x2  
  75  10:22  Supply Depot, Marine x2  
  79  10:34  Marauder x2  
  83  10:35  Marine x2  
  83  10:39  Marine x2  
  83  10:40  Marine  
  86  10:43  Marine  
  86  10:48  Medivac  
  89  10:53  Marine x2  
  89  10:55  Marauder  
  89  10:56  Marine  
  93  10:57  Marauder  
  93  10:59  Marine  
  93  11:00  SCV  
  84  11:07  Marine x2  
  84  11:09  SCV  
  84  11:11  Marine x2  
  84  11:12  Medivac  
  84  11:18  Medivac  
  90  11:25  Command Center  
  90  11:30  Siege Tank  
  93  11:36  Supply Depot  
  93  11:46  Medivac  
  94  11:51  SCV  
  89  11:55  SCV  
  65  12:03  Medivac, SCV, Marine x7  
  65  12:08  Marine  
  68  12:14  Refinery  
  69  12:19  Siege Tank  
  69  12:21  Marine  
  69  12:22  Marine  
  70  12:30  Marine x2  
  70  12:31  Marine  
  70  12:35  Marine  
  70  12:36  Marine x2  
  71  12:44  Marine x2  
  71  12:48  Marine x2  
  75  12:57  Marine  
Show
View Real Time Build Order
Export as new Build Order

Bunny Terran - Winner!

Build Orders: Cyclone Opening 

Get SALT Encoding   

  12  0:00  SCV  
  13  0:12  SCV  
  14  0:17  Supply Depot  
  14  0:24  SCV  
  15  0:38  SCV  
  15  0:40  Barracks  
  15  0:42  Refinery  
  16  0:50  SCV  
  16  0:52  Refinery  
  17  1:03  SCV  
  18  1:15  SCV  
  19  1:27  Reaper, Orbital Command  
  19  1:28  Supply Depot  
  20  1:41  Factory  
  20  1:52  SCV  
  21  1:59  Reaper  
  22  2:04  SCV  
  23  2:16  SCV  
  24  2:23  Command Center  
  24  2:27  Factory Tech Lab  
  24  2:29  SCV  
  25  2:33  Barracks Reactor  
  25  2:42  SCV  
  26  2:45  Supply Depot, Cyclone  
  29  2:54  SCV  
  30  3:01  Starport  
  30  3:06  SCV  
  30  3:08  Marine  
  30  3:09  Marine  
  33  3:18  SCV  
  33  3:19  Cyclone  
  37  3:26  Marine  
  38  3:27  Marine  
  39  3:35  SCV, Refinery, Orbital Command  
  39  3:41  Starport Tech Lab  
  40  3:44  Marine x2  
  40  3:47  SCV  
  43  3:55  Siege Tank  
  44  3:59  SCV  
  44  4:00  Viking  
  47  4:03  SCV  
  47  4:05  Marine  
  47  4:07  Marine  
  50  4:14  Supply Depot  
  50  4:17  SCV  
  50  4:18  SCV  
  50  4:23  Marine  
  53  4:25  Marine  
  54  4:36  Raven  
  51  4:41  Siege Tank  
  51  4:42  SCV x2  
  51  4:44  Marine x2  
  57  4:48  Supply Depot  
  57  4:49  Refinery  
  57  4:54  SCV x2  
  59  5:02  Supply Depot, Marine x2  
  59  5:06  SCV  
  62  5:10  Supply Depot, SCV  
  62  5:13  Siege Tank  
  66  5:16  Starport  
  66  5:23  SCV x2  
  66  5:27  Viking x2  
  72  5:29  Marine  
  72  5:34  Supply Depot  
  72  5:35  SCV x2  
  75  5:39  Supply Depot  
  75  5:45  Siege Tank  
  78  5:54  Viking  
  78  5:55  Supply Depot  
  80  5:57  Viking  
  80  6:04  Liberator  
  82  6:05  SCV x2  
  82  6:07  Supply Depot  
  82  6:09  Supply Depot, Marine  
  88  6:23  Viking  
  88  6:25  Siege Tank  
  90  6:33  Viking  
  92  6:47  Viking  
  92  6:53  Viking  
  90  6:57  Siege Tank  
  85  7:06  Viking  
  83  7:17  Viking  
  83  7:18  Marine  
  83  7:19  SCV x2  
  83  7:22  Supply Depot x2  
  88  7:23  Viking  
  90  7:30  Command Center  
  90  7:36  Viking  
  92  7:37  Siege Tank  
  95  7:47  Viking, Marine  
  95  7:48  SCV x2  
  100  7:58  Barracks  
  100  7:59  Stimpack  
  100  8:00  Barracks  
  100  8:02  Viking  
  100  8:05  Marine  
  102  8:12  Siege Tank  
  106  8:21  Viking  
  106  8:27  Viking  
  110  8:30  Marine  
  110  8:32  Command Center  
  106  8:44  Siege Tank  
  81  8:48  Viking  
  81  8:53  Viking  
  81  8:55  SCV x2, Marine  
  79  8:58  Barracks  
  79  9:00  Barracks  
  79  9:01  Barracks Reactor  
  80  9:03  Barracks Reactor  
  80  9:14  SCV x2  
  80  9:17  Marine  
  82  9:18  Siege Tank  
  82  9:22  Engineering Bay  
  82  9:23  Engineering Bay  
  86  9:29  Viking  
  88  9:33  Viking  
  88  9:36  Marine  
  88  9:38  Viking  
  93  9:44  Orbital Command  
  83  9:53  Siege Tank  
  83  9:58  SCV x2  
  83  9:59  Viking  
  90  10:03  Barracks Reactor  
  90  10:06  Marine x4  
  94  10:07  Orbital Command  
  94  10:08  Barracks Reactor  
  94  10:15  Marine  
  94  10:16  Combat Shield  
  95  10:23  Marine  
  95  10:24  Marine  
  97  10:29  Siege Tank  
  100  10:40  Marine x4  
  101  10:43  SCV x3  
  101  10:46  Terran Infantry Weapons Level 1, Refinery  
  101  10:47  Refinery  
  104  10:50  Terran Infantry Armor Level 1  
  103  10:58  Marine x7  
  101  11:04  Siege Tank  
  101  11:05  Marine x2  
  104  11:16  Sensor Tower  
  104  11:20  Marine x7  
  108  11:26  Liberator  
  109  11:37  Liberator  
  112  11:40  Marine x4  
  116  11:47  Marine  
  116  11:48  Marine x2  
  107  11:58  Siege Tank  
  107  12:01  Marine x5  
  92  12:05  Marine  
  92  12:07  Medivac  
  93  12:18  Medivac, Marine  
  93  12:19  Marine x3  
  93  12:30  Siege Tank  
  93  12:31  Marine x2  
  96  12:46  Medivac x2  
  96  12:47  Marine x4  
  104  12:56  Marine  
  104  12:57  Marine x4  
Tags
 
Add a new tag
Caveats
  • Supply blocks, unpowered buildings, or Contaminate may cause inaccurate times.
  • Supply counts are checked every 10 seconds.